 Dungeon Crawl Stone Soup version 0.24-b1-44-g37ad8b309f (webtiles) character file.

Game seed: 3990561723485736969, levelgen mode: deterministic

167 Destructed3 the Magician (level 5, 0/42 HPs)
             Began as a Mummy Skald on Oct 24, 2019.
             Slain by Grinder (5 damage)
             ... while paralysed by Grinder
             ... on level 3 of the Dungeon.
             The game lasted 00:11:22 (4111 turns).

Destructed3 the Magician (Mummy Skald)              Turns: 4111, Time: 00:11:23

Health: 0/42       AC:  5    Str: 14    XL:     5   Next: 23%
Magic:  9/11       EV:  2    Int: 14    God:
Gold:   82         SH:  0    Dex: 11    Spells: 7/12 levels left

rFire    x . .     SeeInvis .   a - +0 short sword
rCold    + . .     Gourm    .   (no shield)
rNeg     + + +     Faith    .   b - +1 leather armour
rPois    ∞         Spirit   .   d - +0 helmet
rElec    .         Reflect  .   (no cloak)
rCorr    .         Harm     .   (no gloves)
MR       .....                  (no boots)
Stlth    +.........             (no amulet)
HPRegen  0.14/turn              (no ring)
MPRegen  0.12/turn              (no ring)

@: paralysed
A: no food or potions, fire vulnerability, cold resistance 1, negative energy
resistance 3, torment resistance, unbreathing
a: no special abilities


You were on level 3 of the Dungeon.
You were not hungry.

You visited 1 branch of the dungeon, and saw 3 of its levels.

You collected 82 gold pieces.

Inventory:

Hand Weapons
 a - a +0 short sword (weapon)
Armour
 b - a +1 leather armour (worn)
 d - a +0 helmet (worn)
Scrolls
 c - a scroll of fog {unknown}
 e - 2 scrolls of identify
 f - a scroll of amnesia {unknown}
 g - a scroll of teleportation
 h - 2 scrolls of remove curse
 i - 2 scrolls of magic mapping {unknown}
 j - a scroll of noise {unknown}


   Skills:
 + Level 3.7 Fighting
 - Level 1.5 Short Blades
 + Level 1.5 Armour
 - Level 1.7 Dodging
 - Level 0.1 Stealth
 + Level 4.0 Spellcasting
 - Level 3.1 Charms


You had 7 spell levels left.
You knew the following spells:

 Your Spells              Type           Power        Failure   Level  Hunger
a - Infusion              Chrm           ##..         7%          1    N/A
b - Song of Slaying       Chrm           ##......     10%         2    N/A
c - Shroud of Golubria    Chrm/Tloc      #.....       19%         2    N/A

Your spell library contained the following spells:

 Spells                   Type           Power        Failure   Level  Hunger
 Spectral Weapon          Hex/Chrm       #.......     36%         3    N/A
 Regeneration             Chrm/Necr      Unusable     N/A         3    N/A

Dungeon Overview and Level Annotations

Branches:
Dungeon (3/15)

Altars:
Nemelex Xobeh
Sif Muna

Annotations:
D:3 Grinder


Innate Abilities, Weirdness & Mutations

You do not eat or drink.
Your flesh is vulnerable to fire.
You are immune to poison.
Your flesh is cold resistant. (rC+)
You are immune to negative energy. (rN+++)
You are immune to unholy pain and torment.
You can survive without breathing.


Message History

Grinder is moderately wounded.
Grinder hits you.
* * * LOW HITPOINT WARNING * * *
You closely miss Grinder.
Grinder is moderately wounded.
Grinder closely misses you.
You barely miss Grinder.
Grinder is moderately wounded.
Grinder hits you but does no damage.
You barely miss Grinder.
Grinder is moderately wounded.
Grinder blinks!
Grinder blinks!
Grinder gestures at you.
You suddenly lose the ability to move!
Grinder says, "I used to sell toenails on the black market."
Grinder barely misses you.
Grinder says, "There's only one good use for a tongue: cutting it out."
Grinder hits you.
You die...

# #..# ##.###.#.#.
#.##..# #...##.#.#.
##.#⌠.⌠######......#.#.
.#...._.................
.....⌠.⌠........########
..............#.#
....###.#######.# . #5#
#.# #@# #.# #.# ..# ...
## ...## #####


You could see Grinder.

Vanquished Creatures
  Crazy Yiuf (D:2)
  Terence (D:3)
  An adder (D:2)
  4 oozes
  2 dart slugs (D:2)
  3 worms
  2 leopard geckos
  An orc (D:3)
  14 giant cockroaches
  5 goblins
  6 hobgoblins
  2 jackals (D:1)
  2 quokkas
  3 ball pythons
  3 bats
  5 frilled lizards
  8 kobolds
  10 rats
73 creatures vanquished.

Notes
Turn   | Place    | Note
-------+----------+-------------------------------------------
     0 | D:1      | Destructed3 the Mummy Skald began the quest for the Orb.
     0 | D:1      | Reached XP level 1. HP: 16/16 MP: 4/4
     1 | D:1      | Found a runed translucent door.
   309 | D:1      | Reached skill level 3 in Spellcasting
   396 | D:1      | Reached XP level 2. HP: 22/22 MP: 1/6
  1069 | D:2      | Reached XP level 3. HP: 16/28 MP: 8/8
  1389 | D:2      | Reached skill level 4 in Spellcasting
  1893 | D:2      | Learned a level 2 spell: Song of Slaying
  1915 | D:2      | Found a runed translucent door.
  1916 | D:2      | Noticed Crazy Yiuf
  2207 | D:2      | You fall into a shaft and drop 1 floor!
  2254 | D:3      | Noticed Terence
  2280 | D:3      | Killed Terence
  2280 | D:3      | Reached XP level 4. HP: 22/35 MP: 5/10
  2317 | D:3      | Found a faded altar of an unknown god.
  2766 | D:3      | Learned a level 2 spell: Shroud of Golubria
  2969 | D:2      | Reached skill level 1 in Armour
  3115 | D:2      | Found a shimmering blue altar of Sif Muna.
  3346 | D:1      | HP: 1/35 [rat (2)]
  3725 | D:2      | Killed Crazy Yiuf
  3725 | D:2      | Reached XP level 5. HP: 23/42 MP: 6/11
  4029 | D:3      | Found a sparkling altar of Nemelex Xobeh.
  4066 | D:3      | Noticed Grinder
  4088 | D:3      | Paralysed by Grinder for 2 turns
  4106 | D:3      | Paralysed by Grinder for 6 turns
  4111 | D:3      | Slain by Grinder

Skill      XL: |  1  2  3  4 |
---------------+-------------+-----
Spellcasting   | 3 4 |  4.0
Fighting       | 3 |  3.7
Armour         | 1 |  1.5
Charms         | 3 |  3.1
Short Blades   | |  1.5
Dodging        | |  1.7
Stealth        | |  0.1

Action                   |  1- 3 |  4- 6 || total
-------------------------+-------+-------++-------
Melee: Short sword       |   145 |   186 ||   331
 Cast: Infusion          |    14 |     4 ||    18
       Song of Slaying   |       |     2 ||     2
  Use: Scroll            |     4 |       ||     4
Armor: Leather armour    |    24 |    65 ||    89
Dodge: Dodged            |    77 |   113 ||   190
